 Dungeon Crawl Stone Soup version 0.22-a0-479-gc6e99f3 (webtiles) character file.

20972 KristoblXynda the Grappler (level 12, -18/126 HPs)
             Began as a Troll Wizard on June 14, 2018.
             Was a Priest of Ashenzari.
             Killed from afar by an orc sorcerer (33 damage)
             ... with a bolt of negative energy
             ... while paralysed by an orc sorcerer
             ... on level 2 of the Orcish Mines.
             The game lasted 00:33:19 (12360 turns).

KristoblXynda the Grappler (Troll Wizard)          Turns: 12360, Time: 00:33:20

Health: -18/126    AC: 10    Str: 27    XL:     12   Next: 50%
Magic:  14/14      EV:  1    Int: 20    God:    Ashenzari [***...]
Gold:   956        SH:  0    Dex:  8    Spells: 7/15 levels left

rFire    + . .     SeeInvis +     - Unarmed
rCold    . . .     Gourm    +   (no shield)
rNeg     . . .     Faith    .   C - +0 robe "Qarph" {rF+ Str+6} (curse)
rPois    .         Spirit   .   b - +1 hat (curse)
rElec    .         Reflect  .   H - +1 cloak
rCorr    .         Harm     .   (gloves unavailable)
MR       .....                  (boots unavailable)
Stlth    ++........             (no amulet)
HPRegen  0.71/turn              f - +3 ring of strength
MPRegen  0.14/turn              i - ring of stealth

@: paralysed, about to teleport, drained
A: large, unfitting armour, claws 3, horns 1, icy blue scales 1, clever 1, fast
metabolism 3, gourmand, regeneration 1, robust 1, shaggy fur 1, tough skin 2
a: Curse Item, Scrying, Renounce Religion


You were on level 2 of the Orcish Mines.
You worshipped Ashenzari.
Ashenzari was most pleased with you.
You were completely stuffed.

You visited 3 branches of the dungeon, and saw 16 of its levels.
You also visited: Ossuary.

You collected 956 gold pieces.

Inventory:

Hand Weapons
 E - the +9 morningstar of Gaqavas {drain, rC+}
   (You found it on level 10 of the Dungeon)

   A truly terrible weapon, it drains the life of those it strikes.
   It protects you from cold.
Missiles
 B - 2 throwing nets (quivered)
Armour
 b - a cursed +1 hat (worn)
 C - the cursed +0 robe "Qarph" (worn) {rF+ Str+6}
   (You found it on level 6 of the Dungeon)

   It affects your strength (+6).
   It protects you from fire.
   It has a curse placed upon it.
 D - a +2 shield
 H - a +1 cloak (worn)
 I - a scarf of repulsion
Magical Staves
 x - an uncursed staff of energy
Jewellery
 f - a +3 ring of strength (left claw)
 i - a ring of stealth (right claw)
Wands
 a - a wand of iceblast (4)
 c - a wand of acid (10)
 y - a wand of disintegration (13)
Scrolls
 h - 2 scrolls of amnesia
 l - 7 scrolls of remove curse
 u - 2 scrolls of teleportation
 w - a scroll of immolation
 z - a scroll of enchant armour
 A - a scroll of identify
 J - a scroll of fog
Potions
 e - 3 potions of flight
 g - 3 potions of mutation
 j - 4 potions of might
 k - 2 potions of brilliance
 m - 2 potions of lignification
 o - a potion of invisibility
 p - a potion of ambrosia
 q - a potion of magic
 r - 3 potions of curing
 s - 2 potions of haste
 t - 5 potions of agility
 F - 2 potions of berserk rage
Miscellaneous
 G - a phantom mirror
Comestibles
 d - 15 rations
 n - 4 chunks of flesh


   Skills:
 + Level 6.9(6.2) Fighting
 - Level 1.5(2.2) Dodging
 - Level 1.0(1.5) Stealth
 + Level 12.1(11.3) Unarmed Combat
 - Level 2.0(1.3) Spellcasting
 + Level 10.7(10.0) Conjurations
   Level 0.6(0.0) Summonings
   Level 0.6(0.0) Translocations
 + Level 3.8(3.2) Fire Magic


You had 7 spell levels left.
You knew the following spells:

 Your Spells              Type           Power        Failure   Level  Hunger
b - Mephitic Cloud        Conj/Pois/Air  ##......     13%         3    ####...
c - Fireball              Conj/Fire      ####......   30%         5    ######.

Your spell library contained the following spells:

 Spells                   Type           Power        Failure   Level  Hunger
 Magic Dart               Conj           ####         1%          1    ##.....
 Conjure Flame            Conj/Fire      ####....     3%          3    ####...
 Bolt of Fire             Conj/Fire      ####......   86%         6    #######
 Lightning Bolt           Conj/Air       ###.......   52%         5    ######.
 Slow                     Hex            #.......     26%         2    ###....
 Throw Flame              Conj/Fire      ####..       1%          2    ###....
 Throw Frost              Conj/Ice       ###...       3%          2    ###....
 Ring of Flames           Chrm/Fire      #.........   100%        7    #######
 Blink                    Tloc           N/A          26%         2    ###....
 Freeze                   Ice            #...         17%         1    ##.....
 Sticky Flame             Conj/Fire      ####....     11%         4    #####..
 Summon Ice Beast         Ice/Summ       #.......     86%         4    #####..
 Ozocubu's Armour         Chrm/Ice       #.......     45%         3    ####...
 Call Imp                 Summ           #.......     26%         2    ###....
 Shock                    Conj/Air       ###.         2%          1    ##.....
 Swiftness                Chrm/Air       #.......     26%         2    ###....
 Throw Icicle             Conj/Ice       ###.....     22%         4    #####..
 Airstrike                Air            #.........   86%         4    #####..
 Flame Tongue             Conj/Fire      ####.        1%          1    ##.....
 Ignite Poison            Fire/Tmut/Pois #.......     32%         3    ####...
 Static Discharge         Conj/Air       ###.....     6%          3    ####...
 Inner Flame              Hex/Fire       #.......     26%         3    ####...
 Ignition                 Fire           ##........   100%        8    #######


Dungeon Overview and Level Annotations

Branches:
Dungeon (13/15)            Temple (1/1) D:5             Orc (2/2) D:11
    Elf (0/3) Orc:2
   Lair: D:8-11      Vaults: D:13-14

Altars:
Ashenzari
Cheibriados
Dithmenos
Elyvilon
Fedhas
Gozag
Hepliaklqana
Kikubaaqudgha
Makhleb
Nemelex Xobeh
Okawaru
Qazlal
Ru
Sif Muna
Trog
Uskayaw
Vehumet
Wu Jian
Xom
Yredelemnul
Zin
The Shining One

Shops:
D:9 [   D:10 [

Annotations:
D:7 1 runed door
D:13 Frances


Innate Abilities, Weirdness & Mutations

You are too large for most types of armour.
You have claws for hands.
Your metabolism is lightning-fast.
You like to eat raw meat.
Your natural rate of healing is unusually fast.
You are covered in fur. (AC +1)
You have very tough skin. (AC +2)
You have a pair of small horns on your head.
You are partially covered in icy blue scales. (AC +2)
Your mind is acute. (Int +2)
You are robust. (+10% HP)


Message History

The orc shouts!
The orc priest mumbles some strange prayers to Beogh against you.
Beogh smites you!
* * * LOW HITPOINT WARNING * * *
The orc sorcerer hits you but does no damage.
The orc priest invokes the aid of Beogh against you.
Beogh smites you!
* * * LOW HITPOINT WARNING * * *
The orc knight roars a battlecry!
The orcs go into a battle-frenzy!
The orc warrior hits you but does no damage.
The orc warrior hits you with a long sword!
* * * LOW HITPOINT WARNING * * *
The orc high priest shouts!
You hear a shout! x2
You hear a shout! x3
The orc high priest utters an invocation to Beogh.
The orc sorcerer points at you and mumbles some strange words.
Helpless, you fail to dodge the bolt of negative energy.
You feel drained.
You die... , , , , , ........4...... , , , ............... , ..........o44o. , , , ....o.oo..3o... ** , ...oooooo3.oo..

,
....ooo3ooo....
*
.....ooooo.....
,
*....o..@o3oo..o
#####.oo#######
* * #.oo# * *
#oo.#* * * *
.oo.., , , , * ,
, *.o...., , , *
, #....## * ** *
#.o..


You could see an orc warlord (inner flame), 3 orc knights, 3 orc high priests, a
hellwing, an ice devil, a rust devil, a sixfirhy, a smoke demon, 2 ynoxinuls, 2
orc sorcerers, 10 orc warriors, 7 orc priests, 3 orc wizards and 11 orcs.

Vanquished Creatures
  Kirke (D:12)
  Nessos (D:12)
  3 two-headed ogres
  4 skeletal warriors (D:12)
  A deep elf mage (D:10)
  An ugly thing (D:11)
  Maurice (D:12)
  A freezing wraith (D:12)
  A troll (D:12)
  2 hippogriffs
  A wraith (D:12)
  34 yaks
  A steam dragon (D:10)
  2 hogs (D:12)
  A hungry ghost (D:13)
  Menkaure (Ossuary)
  A warg (Orc:1)
  2 soldier ants
  2 water moccasins (D:12)
  A porcupine (D:8)
  5 orc warriors
  3 ice beasts
  A sky beast (D:12)
  8 ogres
  A phantom (D:5)
  7 centaurs
  A big kobold (D:9)
  An elf zombie (Ossuary)
  5 bullfrogs
  A water moccasin zombie (D:9)
  4 scorpions
  7 jellies
  7 wights
  A killer bee (D:7)
  3 howler monkeys
  3 electric eels (D:10)
  A lava snake (D:9)
  6 centaur zombies
  9 crimson imps
  2 quasits
  3 centaur skeletons
  7 orc priests
  5 hounds
  2 bullfrog skeletons
  2 iguanas
  14 orc wizards
  10 worker ants
  An ogre zombie (Ossuary)
  6 mummies (Ossuary)
  7 adders
  4 gnolls (D:9)
  A shadow imp (D:7)
  An ooze (D:7)
  An adder zombie (Ossuary)
  6 worms
  2 dart slugs (D:1)
  4 leopard geckos
  33 orcs
  9 giant cockroaches
  4 goblins
  5 hobgoblins
  17 jackals
  3 quokkas
  8 bats
  3 frilled lizards
  5 goblin zombies (Ossuary)
  11 hobgoblin zombies
  7 kobolds
  A kobold skeleton (D:4)
  4 kobold zombies
  A leopard gecko skeleton (D:7)
  2 orc skeletons (D:4)
  3 quokka zombies (Ossuary)
  6 rats
  5 rat zombies (Ossuary)
  2 butterflies (D:7)
343 creatures vanquished.

Vanquished Creatures (others)
  3 humans (D:12)
  An orc (D:12)
  A hobgoblin (D:3)
  7 fungi (D:8)
  7 plants (D:8)
19 creatures vanquished.

Grand Total: 362 creatures vanquished

Notes
Turn   | Place    | Note
-------+----------+-------------------------------------------
     0 | D:1      | KristoblXynda the Troll Wizard began the quest for the Orb.
     0 | D:1      | Reached XP level 1. HP: 16/16 MP: 2/2
   206 | D:1      | Reached skill level 1 in Conjurations
   284 | D:1      | Reached skill level 1 in Unarmed Combat
   299 | D:1      | Reached XP level 2. HP: 24/24 MP: 4/4
   907 | D:2      | Reached skill level 2 in Unarmed Combat
   907 | D:2      | Reached XP level 3. HP: 31/31 MP: 5/5
   935 | D:2      | Reached XP level 4. HP: 30/39 MP: 6/6
   956 | D:2      | Learned a level 3 spell: Mephitic Cloud
  1095 | D:2      | Reached skill level 3 in Unarmed Combat
  1217 | D:2      | Reached XP level 5. HP: 41/45 MP: 7/7
  2228 | D:3      | Reached skill level 4 in Unarmed Combat
  2270 | D:3      | Found a stormy altar of Qazlal.
  2493 | D:4      | Reached XP level 6. HP: 52/53 MP: 8/8
  2603 | D:4      | Found a snail-covered altar of Cheibriados.
  2723 | D:4      | Found a sand-covered staircase.
  2738 | Ossuary  | Entered an ossuary
  3032 | Ossuary  | Reached skill level 5 in Unarmed Combat
  3054 | Ossuary  | Reached XP level 7. HP: 51/59 MP: 9/9
  3115 | Ossuary  | Noticed Menkaure
  3126 | Ossuary  | Killed Menkaure
  3327 | Ossuary  | Reached skill level 6 in Unarmed Combat
  3625 | D:4      | Found a glowing golden altar of the Shining One.
  3653 | D:4      | Reached XP level 8. HP: 43/67 MP: 10/10
  3865 | D:5      | Entered Level 5 of the Dungeon
  3950 | D:5      | Reached skill level 5 in Conjurations
  4202 | D:5      | Found a staircase to the Ecumenical Temple.
  4376 | Temple   | Entered the Ecumenical Temple
  4482 | Temple   | Became a worshipper of Ashenzari the Shackled
  4740 | D:5      | Reached skill level 7 in Unarmed Combat
  5381 | D:6      | Got the uncursed robe "Qarph" {rF+ Str+6}
  5386 | D:6      | Reached skill level 8 in Unarmed Combat
  5398 | D:6      | Identified the +0 robe "Qarph" {rF+ Str+6} (You found it on level 6 of the Dungeon)
  5799 | D:7      | Learned a level 5 spell: Fireball
  5915 | D:7      | Found a runed door.
  5942 | D:7      | Found a runed door.
  5966 | D:7      | Reached XP level 9. HP: 36/74 MP: 2/11
  6356 | D:7      | Found a sacrificial altar of Ru.
  6550 | D:8      | Noticed a skeletal warrior
  6550 | D:8      | Noticed a skeletal warrior
  6550 | D:8      | Noticed a skeletal warrior
  6550 | D:8      | Noticed a skeletal warrior
  6764 | D:8      | Reached * piety under Ashenzari
  6775 | D:8      | Reached skill level 9 in Unarmed Combat
  6809 | D:8      | Noticed a two-headed ogre
  6830 | D:8      | Killed a two-headed ogre
  6830 | D:8      | Reached skill level 1 in Fighting
  6946 | D:9      | Found Gifoch's Armour Shoppe.
  7129 | D:9      | Reached XP level 10. HP: 64/87 MP: 12/12
  7636 | D:9      | Reached skill level 10 in Unarmed Combat
  7984 | D:10     | Entered Level 10 of the Dungeon
  8106 | D:10     | Found Cetal's Armour Shoppe.
  8131 | D:10     | Got the morningstar of Gaqavas {drain, rC+}
  8133 | D:10     | Identified the +9 morningstar of Gaqavas {drain, rC+} (You found it on level 10 of the Dungeon)
  8214 | D:10     | Noticed a deep elf mage
  8220 | D:10     | Killed a deep elf mage
  8901 | D:11     | Reached ** piety under Ashenzari
  9066 | D:11     | Reached XP level 11. HP: 90/100 MP: 13/13
  9112 | D:11     | Noticed a cyan ugly thing
  9119 | D:11     | Gained mutation: You are somewhat resistant to further mutation. [potion of mutation]
  9120 | D:11     | Lost mutation: You are somewhat resistant to further mutation. [potion of mutation]
  9120 | D:11     | Gained mutation: You are partially covered in icy blue scales. (AC +2) [potion of mutation]
  9120 | D:11     | Gained mutation: You are dopey. (Int -2) [potion of mutation]
  9120 | D:11     | Gained mutation: You are agile. (Dex +2) [potion of mutation]
  9120 | D:11     | Gained mutation: You have large cloven feet. [potion of mutation]
  9121 | D:11     | Lost mutation: You are agile. (Dex +2) [potion of mutation]
  9121 | D:11     | Lost mutation: You are dopey. (Int -2) [potion of mutation]
  9121 | D:11     | Lost mutation: You have large cloven feet. [potion of mutation]
  9121 | D:11     | Gained mutation: You are robust. (+10% HP) [potion of mutation]
  9121 | D:11     | Gained mutation: Your mind is acute. (Int +2) [potion of mutation]
  9121 | D:11     | Gained mutation: You have a pair of small horns on your head. [potion of mutation]
  9143 | D:11     | Killed a cyan ugly thing
  9367 | D:11     | Found a staircase to the Orcish Mines.
  9445 | D:11     | Reached skill level 11 in Unarmed Combat
  9534 | D:11     | Reached skill level 5 in Fighting
  9558 | D:11     | Reached skill level 10 in Conjurations
  9743 | D:11     | Noticed a two-headed ogre
  9790 | D:11     | Killed a two-headed ogre
  9874 | D:11     | Reached skill level 1 in Fire Magic
  9915 | Orc:1    | Entered Level 1 of the Orcish Mines
 10029 | D:12     | Noticed a skeletal warrior
 10054 | D:12     | Killed a skeletal warrior
 10145 | D:12     | Reached *** piety under Ashenzari
 10215 | D:12     | Noticed a death knight
 10417 | D:12     | Noticed Maurice
 10430 | D:12     | Killed Maurice
 10757 | D:12     | Noticed Kirke
 10772 | D:12     | Noticed a harpy
 10772 | D:12     | Noticed a harpy
 10776 | D:12     | Killed Kirke
 10776 | D:12     | Reached XP level 12. HP: 59/125 MP: 2/14
 11083 | D:12     | Noticed a two-headed ogre
 11093 | D:12     | HP: 6/125 [two-headed ogre/giant club (14)]
 11093 | D:12     | HP: 2/125 [centaur/arrow[a centaur warrior] (4)]
 11537 | D:12     | Noticed Nessos
 11555 | D:12     | Killed Nessos
 11727 | D:12     | Reached skill level 12 in Unarmed Combat
 11941 | D:12     | Killed a two-headed ogre
 12090 | D:13     | Noticed Frances
 12347 | Orc:2    | Entered Level 2 of the Orcish Mines
 12347 | Orc:2    | Found a staircase to the Elven Halls.
 12347 | Orc:2    | Noticed an orc high priest
 12356 | Orc:2    | Noticed an orc high priest
 12356 | Orc:2    | Noticed an orc high priest
 12356 | Orc:2    | Noticed an orc warlord
 12356 | Orc:2    | Noticed an orc high priest
 12358 | Orc:2    | Paralysed by an orc sorcerer for 4 turns
 12360 | Orc:2    | Killed from afar by an orc sorcerer

Vault maps used:
D:1:      dpeg_arrival_rhombus
D:2:      first_ration, serial_forest, infiniplex_forest_clump_double,
          infiniplex_forest_zigzag_1, infiniplex_forest_zigzag_1,
          infiniplex_forest_straight_1, infiniplex_forest_lined_3
D:3:      serial_glass, glass_columns_b, glass_columns_c, item_on_display_a,
          minmay_misc_feat_tiny, grunt_qazlal_clouds
D:4:      marbit_many_paths, nicolae_ossuary_entry_monument,
          nicolae_tso_besieged_by_evil
D:5:      minmay_temple_entry_statues_fountains
D:7:      lemuel_insect_pit, hangedman_ru_absence
D:8:      grunt_lair_entry_orc_guard_hut, serial_aquarium,
          aquarium_bridge_square, aquarium_bridge_straight,
          aquarium_window_fake, aquarium_window_1, aquarium_window_2,
          aquarium_view_2g, aquarium_balcony_5b
D:9:      serial_shops, shop, kennysheep_cross_bottleneck, kennysheep_path_1
D:10:     serial_shops, nicolae_shop_behind_doors, kennysheep_big_empty_room
D:11:     orc_0_dummy
D:12:     uniq_kirke, uniq_nessos, uniq_maurice
D:13:     erik_vaults_1, uniq_frances
Temple:   kilobyte_greek_temple
Orc:1:    nicolae_orc_rockfall, bh_open_orc_temple
Orc:2:    st_orc_congregation
Ossuary:  ossuary_boxes_badplayer

Skill      XL: |  1  2  3  4  5  6  7  8  9 10 11 12 |
---------------+-------------------------------------+-----
Conjurations   | 1 2 3 4 6 7 9 10 | 10.7
Unarmed Combat | 1 2 3 4 5 6 8 9 10 11 12 | 12.1
Fighting       | 2 4 6 |  6.9
Fire Magic     | 2 3 |  3.8
Dodging        | |  1.5
Stealth        | |  1.0
Spellcasting   | |  2.0
Summonings     | |  0.6
Translocations | |  0.6

Action                   |  1- 3 |  4- 6 |  7- 9 | 10-12 || total
-------------------------+-------+-------+-------+-------++-------
Melee: Unarmed           |    54 |   279 |   347 |   498 ||  1178
       Punch             |       |     1 |    11 |    40 ||    52
       Headbutt          |       |       |       |    54 ||    54
 Cast: Mephitic Cloud    |       |       |     4 |    25 ||    29
       Fireball          |       |       |       |     2 ||     2
Invok: Curse Item        |       |       |     1 |     1 ||     2
Evoke: Wand              |       |       |     2 |     4 ||     6
  Use: Scroll            |       |     8 |     8 |    14 ||    30
       Potion            |       |       |     2 |    11 ||    13
 Stab: Sleeping          |       |     7 |    15 |     4 ||    26
       Distracted        |       |     1 |       |       ||     1
       Confused          |       |       |     2 |     6 ||     8
  Eat: Chunk             |    13 |    19 |    40 |    55 ||   127
Armor: Robe              |    22 |    95 |    69 |   112 ||   298
       Skin              |       |       |    18 |    37 ||    55
Dodge: Dodged            |    23 |   114 |   103 |   154 ||   394

Table legend:
 A = Spawn XP
 B = Non-spawn XP
 C = Spawn XP percentage of total XP
 D = Spawn monster count
 E = Non-spawn monster count
 F = Spawn count percentage of total count
 G = Total turns spent on level
                    A         B        C        D         E        F      G
               +---------+---------+-------+---------+---------+-------+---------
         Total |       0 |   29960 |   0.0 |       0 |     341 |   0.0 | 12360
               +---------+---------+-------+---------+---------+-------+---------
           D:1 |       0 |      31 |   0.0 |       0 |      17 |   0.0 |   873
           D:2 |       0 |     187 |   0.0 |       0 |      31 |   0.0 |   853
           D:3 |       0 |     157 |   0.0 |       0 |      23 |   0.0 |   735
           D:4 |       0 |     471 |   0.0 |       0 |      28 |   0.0 |   626
           D:5 |       0 |     538 |   0.0 |       0 |      10 |   0.0 |   944
           D:6 |       0 |     594 |   0.0 |       0 |      16 |   0.0 |   755
           D:7 |       0 |     715 |   0.0 |       0 |      21 |   0.0 |  1024
           D:8 |       0 |    1902 |   0.0 |       0 |       7 |   0.0 |   212
           D:9 |       0 |    2419 |   0.0 |       0 |      34 |   0.0 |  1038
          D:10 |       0 |    1723 |   0.0 |       0 |      14 |   0.0 |   874
          D:11 |       0 |    7865 |   0.0 |       0 |      51 |   0.0 |  1109
          D:12 |       0 |   11745 |   0.0 |       0 |      36 |   0.0 |  2075
          D:13 |       0 |     569 |   0.0 |       0 |       7 |   0.0 |   148
         Orc:1 |       0 |     430 |   0.0 |       0 |       9 |   0.0 |   164
       Ossuary |       0 |     614 |   0.0 |       0 |      37 |   0.0 |   778
               +---------+---------+-------+---------+---------+-------+---------
